Map: Orbital Shipyard

Players

Fury

  • Race: Terran Terran
  • League: Diamond

Ailee (Azure) - Winner!

  • Race: Terran Terran
  • League: Master

VOD

Have the link to the VOD?

Description

Time

  • Played on: Nov. 14, 2015, 7:34 p.m.
  • Length: 9:33
Show
View Real Time Build Order
Export as new Build Order

Fury Terran 

Build Orders:  

Get SALT Encoding   

  12  0:01  SCV  
  13  0:13  SCV  
  14  0:17  Supply Depot  
  14  0:25  SCV  
  15  0:30  Refinery  
  15  0:39  SCV  
  16  0:47  Barracks  
  16  0:51  SCV  
  17  1:03  SCV  
  18  1:15  SCV  
  19  1:28  SCV  
  20  1:35  Reaper  
  20  1:36  Supply Depot  
  21  1:40  Orbital Command  
  21  1:55  Factory  
  21  2:00  Refinery  
  21  2:07  Marine  
  22  2:15  SCV  
  23  2:25  Command Center  
  23  2:27  SCV  
  24  2:32  Marine  
  25  2:39  SCV  
  25  2:51  SCV, Starport  
  25  2:56  Supply Depot  
  26  3:00  Marine  
  26  3:05  Factory Tech Lab, SCV  
  28  3:17  SCV, Marine  
  30  3:27  Engineering Bay  
  30  3:51  Orbital Command  
  30  3:52  SCV  
  30  3:54  Banshee  
  32  3:56  Barracks  
  32  3:59  Marine  
  31  4:03  Factory Tech Lab  
  31  4:11  Bunker  
  31  4:13  SCV, Barracks  
  31  4:15  Bunker  
  32  4:17  Marine  
  32  4:22  Siege Tank  
  36  4:24  SCV  
  36  4:35  Marine  
  35  4:44  Banshee, Marine  
  35  4:46  SCV  
  31  5:00  SCV  
  31  5:05  Siege Tank  
  34  5:10  Barracks Tech Lab  
  34  5:12  Missile Turret  
  34  5:13  Marine  
  27  5:27  SCV x2, Raven  
  30  5:31  Marine  
  30  5:33  Marine  
  27  5:45  SCV x2  
  27  5:46  Marine  
  27  5:50  Missile Turret  
  27  5:56  Marine  
  28  5:57  SCV  
  28  5:58  SCV  
  28  6:04  Barracks Tech Lab, Marine  
  29  6:09  SCV  
  30  6:13  Viking  
  30  6:25  Marine  
  30  6:27  Marine x2  
  30  6:31  SCV x2  
  32  6:43  SCV x2  
  32  6:45  Marine  
  32  6:49  Marine x2  
  34  6:55  SCV x2  
  36  7:03  Marine  
  36  7:07  SCV  
  38  7:16  Marine x2  
  38  7:18  Supply Depot  
  38  7:19  SCV  
  38  7:29  Refinery  
  38  7:32  Refinery  
  38  7:37  Supply Depot  
  38  7:40  SCV x2, Siege Tank, Marine x3  
  46  7:45  Command Center  
  46  7:52  Starport Reactor  
  46  7:59  SCV x2  
  46  8:00  Supply Depot x2, Marine  
  46  8:01  Marine x2  
  51  8:11  SCV x2  
  53  8:18  Marine  
  54  8:22  Siege Tank, Marine  
  54  8:23  Marine  
  54  8:24  SCV x2  
  61  8:29  Missile Turret  
  60  8:36  Marine  
  63  8:47  Marine  
  58  8:56  Marine  
  55  9:05  Marine  
  41  9:13  Marine  
Show
View Real Time Build Order
Export as new Build Order

Ailee Terran - Winner!

Build Orders: Banshee Rush 

Get SALT Encoding   

  12  0:01  SCV  
  13  0:13  SCV  
  14  0:17  Supply Depot  
  14  0:25  SCV  
  15  0:38  Refinery  
  15  0:39  SCV  
  16  0:45  Barracks  
  16  0:51  SCV  
  17  1:03  SCV  
  18  1:15  SCV  
  19  1:35  Marine, Orbital Command  
  20  1:45  Command Center  
  20  1:54  Factory  
  20  1:57  Marine  
  21  2:01  SCV  
  22  2:10  Supply Depot  
  22  2:14  SCV  
  22  2:15  Marine  
  23  2:23  Refinery  
  23  2:32  SCV  
  23  2:33  Marine  
  25  2:48  SCV  
  25  2:49  Hellion  
  27  2:51  Starport  
  27  2:53  Marine  
  28  2:59  Orbital Command  
  28  3:02  SCV  
  29  3:11  Marine  
  29  3:12  Factory Tech Lab  
  30  3:14  SCV  
  31  3:26  SCV x2  
  33  3:28  Supply Depot  
  33  3:35  Cloaking Field  
  33  3:38  SCV x2  
  35  3:42  Banshee, Barracks Reactor  
  38  3:50  SCV  
  38  3:51  SCV  
  40  3:58  Factory Tech Lab  
  40  4:02  SCV  
  41  4:03  SCV  
  42  4:12  Command Center  
  42  4:14  SCV  
  42  4:15  SCV  
  44  4:21  Marine x2  
  46  4:25  Siege Tank  
  46  4:26  SCV  
  46  4:27  SCV  
  51  4:39  SCV x2  
  51  4:47  Supply Depot, Engineering Bay, Marine x2  
  51  4:51  SCV  
  53  5:01  Raven  
  53  5:02  SCV  
  53  5:03  SCV  
  53  5:05  Marine  
  54  5:09  Marine  
  54  5:11  Supply Depot  
  54  5:12  Missile Turret  
  54  5:13  Supply Depot  
  55  5:14  Missile Turret  
  55  5:23  Marine  
  55  5:26  Marine  
  55  5:28  Siege Tank  
  60  5:29  Orbital Command  
  60  5:35  Missile Turret  
  60  5:38  SCV  
  61  5:43  Marine  
  61  5:44  Marine  
  61  5:47  Viking  
  61  5:49  SCV  
  66  5:51  SCV  
  67  5:58  Refinery  
  67  6:01  SCV, Marine  
  67  6:02  Marine  
  70  6:10  Siege Tank  
  73  6:24  SCV  
  74  6:26  Marine x2  
  74  6:29  SCV  
  77  6:34  Barracks x2  
  77  6:36  SCV  
  78  6:41  SCV  
  78  6:42  Siege Tank  
  78  6:45  Orbital Command  
  84  6:48  SCV  
  83  6:56  Barracks  
  83  6:58  Barracks  
  80  7:02  Medivac x2  
  80  7:06  Refinery  
  83  7:09  SCV  
  83  7:12  Marine  
  83  7:15  Siege Tank  
  88  7:16  Stimpack  
  88  7:17  SCV  
  88  7:19  SCV  
  88  7:21  SCV  
  91  7:25  Barracks Reactor x2  
  91  7:29  SCV  
  92  7:31  SCV, Missile Turret  
  93  7:37  Supply Depot x2  
  93  7:39  Supply Depot  
  93  7:40  Supply Depot  
  93  7:42  Barracks  
  93  7:43  Supply Depot, Barracks  
  93  7:44  Supply Depot, Barracks  
  93  7:45  Refinery  
  93  7:47  Refinery  
  93  7:58  SCV x2, Barracks Reactor, Marine  
  93  7:59  Barracks Reactor  
  93  8:00  Siege Tank  
  93  8:01  Medivac  
  93  8:02  SCV  
  102  8:10  SCV  
  102  8:11  SCV  
  104  8:14  SCV  
  104  8:16  Marine  
  104  8:18  Medivac  
  104  8:19  Marine x2  
  110  8:22  Supply Depot  
  110  8:23  SCV x2, Supply Depot x2  
  110  8:25  Command Center  
  110  8:26  SCV  
  113  8:29  Marine  
  113  8:31  Medivac  
  113  8:34  Marine  
  114  8:35  SCV x2  
  114  8:36  Marine  
  118  8:45  Marine x2  
  120  8:48  Medivac  
  120  8:50  Marine  
  120  8:51  Marine x2  
  120  8:53  Barracks Reactor  
  120  8:54  Barracks Reactor x2  
  125  8:57  Supply Depot  
  125  8:58  Supply Depot  
  125  8:59  Armory, Siege Tank, Engineering Bay, Marine x2  
  125  9:01  Medivac  
  120  9:14  Marine x5  
Tags
 
Matchup
TvT
Player
Azure
Race
Terran
Replay Pack
ReplayyLmao
Strategy
Banshee Rush
Add a new tag
Caveats
  • Supply blocks, unpowered buildings, or Contaminate may cause inaccurate times.
  • Supply counts are checked every 10 seconds.